 Dungeon Crawl Stone Soup version 0.30.0-29-ga12c61a403 (webtiles) character file.

Game seed: 15028259326128486175

51 Ijustatesigmund the Stinger (level 3, 0/23 HPs)
             Began as an Octopode Venom Mage on June 13, 2023.
             Killed from afar by Sigmund (11 damage)
             ... with a magic dart
             ... on level 2 of the Dungeon.
             The game lasted 00:02:32 (1896 turns).

Ijustatesigmund the Stinger (Octopode Venom Mage)   Turns: 1896, Time: 00:02:33

Health: 0/23       AC:  1    Str:  7    XL:     3   Next: 81%
Magic:  4/6        EV: 13    Int: 19    God:
Gold:   84         SH:  0    Dex: 12    Spells: 1/7 levels left

rFire   . . .        e - +0 short sword
rCold   . . .        (no shield)
rNeg    . . .        (helmet restricted)
rPois   .            (no amulet)
rElec   .            (no ring)
rCorr   .            (no ring)
SInv    .            (no ring)
Will    .....        (no ring)
Stlth   +++          (no ring)
HPRegen 0.23/turn    (no ring)
MPRegen 0.10/turn    (no ring)
                     (no ring)

%: no passive effects
@: hasted, very quick
A: almost no armour, amphibious, 8 rings, camouflage 1, gelatinous body 1,
(nimble swimmer 1), tentacles
a: no special abilities


You were on level 2 of the Dungeon.
You visited 1 branch of the dungeon, and saw 2 of its levels.

You collected 84 gold pieces.

Inventory:

Hand Weapons
 e - a +0 short sword (weapon)
Jewellery
 f - a +6 ring of strength
Scrolls
 b - 3 scrolls of identify {unknown}
Potions
 a - a potion of magic
 c - a potion of brilliance {unknown}
 d - 2 potions of haste
 g - a potion of flight {unknown}


   Skills:
 - Level 1.1 Fighting
 - Level 2.0 Dodging
 - Level 2.6 Stealth
 + Level 2.5 Spellcasting
 + Level 0.6 Conjurations
 - Level 1.0 Transmutations
 + Level 1.1 Air Magic
 + Level 4.2 Poison Magic


You had one spell level left.
You knew the following spells:

 Your Spells              Type           Power      Damage    Failure   Level
a - Sting                 Tmut/Pois      48%        1d5       5%          1
b - Poisonous Vapours     Pois/Air       24%        N/A       8%          2
c - Mephitic Cloud        Conj/Pois/Air  10%        N/A       22%         3

Your spell library contained the following spells:

 Spells                   Type           Power      Damage    Failure   Level
 Olgreb's Toxic Radiance  Pois           18%        N/A       26%         4
 Gell's Gravitas          Tloc           2%         N/A       43%         3
 Teleport Other           Tloc           2%         N/A       43%         3
 Dispersal                Tloc           1%         N/A       100%        6


Dungeon Overview and Level Annotations

Branches:
Dungeon (2/15)

Altars:

Annotations:
D:2 Sigmund


Innate Abilities, Weirdness & Mutations

You cannot wear most types of armour.
You are amphibious.
You can wear up to eight rings at the same time.
Your skin changes colour to match your surroundings (Stealth+).
Your rubbery body absorbs attacks. (AC +1, EV +1)
((You are camouflaged when in or above water. (Stealth+)))
You have tentacles for arms and can constrict up to eight enemies at once.


Message History

You see here an adder corpse.
A hobgoblin comes into view.
Found 9 gold pieces.
Casting: Poisonous Vapours (safe; 9% risk of failure)
Confirm with . or Enter, or press ? or * to list all spells.
Aiming: Poisonous Vapours (safe; 9% risk of failure)
Press: ? - help, Dir - move target, f - hobgoblin
Aim: a hobgoblin (asleep) Poisonous vapours surround the hobgoblin!
The hobgoblin is poisoned.
The hobgoblin shouts!
Sigmund the Dreaded comes into view.
He is wielding a +0 scythe and wearing a +2 robe of willpower.
Sigmund shouts!
You hit the hobgoblin but do no damage. Your grab misses the hobgoblin.
Your squeeze misses the hobgoblin.
The hobgoblin is moderately wounded.
The hobgoblin closely misses you.
You hit the hobgoblin.
You kill the hobgoblin!
Found a robe.
Sigmund points at you and mumbles some strange words.
The puff of flame misses you.
Sigmund hits you from afar with a +0 scythe.
Sigmund barely misses you.
You closely miss Sigmund. Your grab misses Sigmund. You squeeze Sigmund.
Sigmund is lightly wounded.
Casting: Poisonous Vapours (safe; 8% risk of failure)
Confirm with . or Enter, or press ? or * to list all spells.
Aiming: Sting (safe; 5% risk of failure)
Press: ? - help, Shift-Dir - straight line, f - Sigmund
Aim: Sigmund, wielding a +0 scythe and wearing a +2 robe of willpower (lightly wounded, 68% to hit)
The sting hits Sigmund but does no damage.
Sigmund is poisoned.
Sigmund is lightly wounded.
Sigmund casts a spell at you. The puff of flame hits you!
It was a potion of haste.
You feel yourself speed up. Sigmund casts a spell at you.
The magic dart hits you!
You die...

######. #.... #.
#....##### #.
#....[...#### #.
#............ ##
............
#..........
#..@.......
#..@.......
######........$.
............####
............#
........##########
........†........#
........########.#
...........# #.#
#. ........##.#
#.# #.


You could see Sigmund (poisoned).

Vanquished Creatures
  2 adders (D:2)
  An endoplasm (D:1)
  A giant cockroach (D:2)
  4 goblins
  3 hobgoblins
  2 jackals (D:1)
  4 kobolds
  3 quokkas (D:1)
  A ball python (D:2)
  5 bats
  3 frilled lizards
  A rat (D:1)
30 creatures vanquished.

Notes
Turn   | Place    | Note
-------+----------+-------------------------------------------
     0 | D:1      | Ijustatesigmund the Octopode Venom Mage began the quest for
                  | the Orb.
     0 | D:1      | Reached XP level 1. HP: 11/11 MP: 3/3
    72 | D:1      | Found a faded altar of an unknown god.
   129 | D:1      | Reached XP level 2. HP: 18/18 MP: 0/5
   196 | D:1      | Learned a level 2 spell: Poisonous Vapours
   447 | D:1      | Reached skill level 1 in Fighting
   510 | D:1      | Reached skill level 4 in Poison Magic
  1245 | D:1      | Reached XP level 3. HP: 17/23 MP: 3/6
  1249 | D:1      | Learned a level 3 spell: Mephitic Cloud
  1830 | D:2      | Reached skill level 1 in Air Magic
  1888 | D:2      | Noticed Sigmund
  1896 | D:2      | Killed from afar by Sigmund

Illustrated notes

Levels and vault maps discovered:
D:1:      amcnicky_arrival_single_pillar, layout_basic,
          ebering_ecumenical_altar_box
D:2:      layout_basic, uniq_sigmund

Skill      XL: |  1  2  3 |
---------------+----------+-----
Fighting       | 1 |  1.1
Poison Magic   | 4 |  4.2
Air Magic      | 1 |  1.1
Dodging        | |  2.0
Stealth        | |  2.6
Spellcasting   | |  2.5
Conjurations   | |  0.6
Transmutations | |  1.0

Action                     || total
---------------------------++-------
  Melee: Unarmed           ||    33
         Constrict         ||    13
         Tentacles         ||     9
         Short sword       ||    12
   Cast: Sting             ||    13
         Poisonous Vapours ||    18
    Use: Potion            ||     1
   Stab: Sleeping          ||     1
 Armour: Skin              ||     4
  Dodge: Dodged            ||    27
